 Dungeon Crawl Stone Soup version 0.31-a0-149-g3fdcc5976a (webtiles) character file.

Game seed: 2257999281375808379

72 comborobin the Sneak (level 4, -4/27 HPs)
             Began as a Deep Elf Delver on June 7, 2023.
             Slain by a worm (10 damage)
             ... on level 2 of the Dungeon.
             The game lasted 00:02:02 (670 turns).

comborobin the Sneak (Deep Elf Delver)               Turns: 670, Time: 00:02:03

Health: -4/27      AC:  3    Str:  9    XL:     4   Next: 7%
Magic:  6/6        EV: 13    Int: 15    God:
Gold:   21         SH:  0    Dex: 18    Spells: 3/3 levels left

rFire   . . .        a - +0 short sword
rCold   . . .        (no shield)
rNeg    . . .        b - +0 leather armour
rPois   .            (no helmet)
rElec   .            (no cloak)
rCorr   .            (no gloves)
SInv    .            (no boots)
Will    .....        (no amulet)
Stlth   +++          (no ring)
HPRegen 0.24/turn    (no ring)
MPRegen 0.10/turn

%: no passive effects
@: brilliant, attractive
A: no striking features
a: no special abilities


You were on level 2 of the Dungeon.
You visited 1 branch of the dungeon, and saw 5 of its levels.

You collected 21 gold pieces.

Inventory:

Hand Weapons
 a - a +0 short sword (weapon)
 h - a +0 dagger
Missiles
 k - 4 datura-tipped darts
Armour
 b - a +0 leather armour (worn)
Wands
 g - a wand of digging (2)
Scrolls
 c - a scroll of fog
 e - a scroll of fear


   Skills:
 + Level 2.9 Fighting
 + Level 2.7 Short Blades
 + Level 3.3 Dodging
 + Level 6.6 Stealth


You had 3 spell levels left.
You didn't know any spells.
Your spell library contained the following spells:

 Spells                   Type           Power      Damage    Failure   Level
 Apportation              Tloc           0%         N/A       36%         1
 Necrotise                Necr           0%         1d4       36%         1
 Summon Small Mammal      Summ           0%         N/A       36%         1


Dungeon Overview and Level Annotations

Branches:
Dungeon (6/15)
 Temple: D:4-7

Altars:

Annotations:
D:3 3 runed translucent doors


Message History

The worm is attracted toward you.
You hit the adder.
The adder is severely wounded.
The frilled lizard bites you but does no damage.
The adder bites you.
You hit the adder.
The adder is almost dead.
The adder bites you. The frilled lizard misses you.
You closely miss the adder.
The adder is almost dead.
The adder bites you. The frilled lizard bites you.
You hit the adder.
You kill the adder!
You have reached level 4!
You feel clever.
You closely miss the frilled lizard. The frilled lizard closely misses you.
You hit the worm but do no damage. The frilled lizard bites you.
You barely miss the worm. The frilled lizard barely misses you.
The worm bites you!
You hit the worm.
The worm is moderately wounded.
The frilled lizard bites you.
You hit the worm.
The worm is heavily wounded.
The worm bites you.
* * * LOW HITPOINT WARNING * * *
The frilled lizard closely misses you.
You hit the worm but do no damage.
The worm is moderately wounded.
You hit the worm.
The worm is heavily wounded.
The frilled lizard closely misses you. The worm bites you.
* * * LOW HITPOINT WARNING * * *
You hit the worm.
The worm is severely wounded.
The frilled lizard closely misses you.
You hit the worm.
The worm is severely wounded.
The frilled lizard closely misses you. The worm bites you!
You die...

### ...
#############.###?.
........##...l.w.#
.......#..#
......>lw##
#.###.@## #.#...##
######...###
#......### #.##.###
#.##.# #.####.##.#
#......##.#
#.#####...#


You could see a worm and a frilled lizard.

Vanquished Creatures
  A scorpion (D:5)
  An adder (D:2)
  An orc (D:3)
  A giant cockroach (D:2)
  A goblin (D:3)
  2 ball pythons (D:3)
  2 kobolds
9 creatures vanquished.

Notes
Turn   | Place    | Note
-------+----------+-------------------------------------------
     0 | D:5      | comborobin the Deep Elf Delver began the quest for the Orb.
     0 | D:5      | Reached XP level 1. HP: 13/13 MP: 3/3
   122 | D:5      | Noticed a scorpion
   163 | D:5      | Killed a scorpion
   164 | D:5      | Reached XP level 2. HP: 6/18 MP: 4/4
   164 | D:5      | Reached XP level 3. HP: 7/22 MP: 5/5
   359 | D:4      | Noticed a scorpion
   521 | D:3      | Found a runed translucent gate.
   534 | D:3      | Found a runed translucent gate.
   535 | D:3      | Found a runed translucent gate.
   662 | D:2      | Reached XP level 4. HP: 22/27 MP: 6/6
   670 | D:2      | Slain by a worm

Illustrated notes

Levels and vault maps discovered:
D:2:      layout_rooms, minivault_11
D:3:      layout_basic, gammafunk_ghost_cemetery
D:4:      layout_basic, mainiacjoe_overflow_boulevard, chei_slow_surprise,
          kennysheep_generic_room_14
D:5:      layout_gridville, serial_glass, glass_columns_a, glass_columns_c,
          glass_columns_a, due_unseen_surprise, minmay_strange_pillars,
          feat_on_display, minmay_strange_pillars, serial_shops,
          nicolae_shop_back_alley_shop
D:6:      layout_rooms, dreamdust_princess_corridor, dk_noncrumbling_2,
          hangedman_abyss_or_decor_stabs, uniq_sigmund

Skill      XL: |  1 |
---------------+----+-----
Dodging        | 3 |  3.3
Fighting       | |  2.9
Short Blades   | |  2.7
Stealth        | |  6.6

Action                     |  1- 3 |  4- 6 || total
---------------------------+-------+-------++-------
  Melee: Dagger            |     7 |       ||     7
         Short sword       |    34 |     9 ||    43
  Evoke: Wand              |     8 |       ||     8
    Use: Potion            |     3 |       ||     3
         Scroll            |     3 |       ||     3
   Stab: Sleeping          |     2 |       ||     2
 Armour: Leather armour    |     9 |       ||     9
  Dodge: Dodged            |    24 |     6 ||    30

Table legend: (Time is in decaauts)
 A = Elapsed time spent in this place.
 B = Non-inter-level travel time spent in this place.
 C = Inter-level travel time spent in this place.
 D = Time resting spent in this place.
 E = Time spent auto-exploring this place.
 F = Levels seen in this place.
 G = Mean time per level.
                   A        B        C        D        E       F      G
               +--------+--------+--------+--------+--------+-----+--------+
         Total |    643 |    554 |     89 |    137 |    145 |   5 |  128.6 |
       Dungeon |    643 |    554 |     89 |    137 |    145 |   5 |  128.6 |
               +--------+--------+--------+--------+--------+-----+--------+

Top non-repeatable levels by time:
     D:5: 220 daAuts
     D:3: 177 daAuts
     D:4: 176 daAuts
     D:2: 66 daAuts
     D:6: 1 daAuts
